 Dungeon Crawl Stone Soup version 0.22-a0-147-gfdd7f25 (webtiles) character file.

11 mhoghedin the Magician (level 2, 12/23 HPs)
             Began as a Draconian Wizard on Feb 6, 2018.
             Quit the game on level 1 of the Dungeon.
             The game lasted 00:01:09 (314 turns).

mhoghedin the Magician (Draconian Wizard)            Turns: 314, Time: 00:01:10

Health: 12/23      AC:  4    Str:  9    XL:     2   Next: 13%
Magic:  6/6        EV: 12    Int: 18    God:
Gold:   7          SH:  0    Dex:  9    Spells: 6/7 levels left

rFire    . . .     SeeInvis .   e - -3 short sword (curse)
rCold    . . .     Gourm    .   (no shield)
rNeg     . . .     Faith    .   (armour unavailable)
rPois    .         Spirit   .   a - +0 hat
rElec    .         Reflect  .   (no cloak)
rCorr    .         Harm     .   (no gloves)
MR       .....                  (no boots)
Stlth    ++........             (no amulet)
HPRegen  0.07/turn              (no ring)
MPRegen  0.10/turn              (no ring)

@: no status effects
A: unfitting armour, cold-blooded, AC +4
a: no special abilities


You were on level 1 of the Dungeon.
You were not hungry.

You visited 1 branch of the dungeon, and saw 1 of its levels.

You collected 7 gold pieces.

Inventory:

Hand Weapons
 e - a cursed -3 short sword (weapon)
   (You took it off a kobold on level 1 of the Dungeon)
Armour
 a - a +0 hat (worn)
Scrolls
 d - a scroll of teleportation {unknown}
 j - a scroll of identify {unknown}
Potions
 f - a potion of heal wounds {unknown}
 h - a potion of agility {unknown}
 i - a potion of curing {unknown}
Books
 b - a book of Minor Magic
Comestibles
 c - 2 rations
 g - 2 chunks of flesh {@w0}


   Skills:
 + Level 1.3 Fighting
 - Level 1.7 Dodging
 - Level 1.7 Stealth
 + Level 3.2 Spellcasting
 - Level 1.0 Conjurations
   Level 1.0 Summonings
   Level 1.0 Translocations


You had 6 spell levels left.
You knew the following spells:

 Your Spells              Type           Power        Failure   Level  Hunger
a - Magic Dart            Conj           #...         11%         1    None


Dungeon Overview and Level Annotations

Branches:
Dungeon (1/15)

Altars:


Innate Abilities, Weirdness & Mutations

Your plain brown scales are hard. (AC +4)
You cannot fit into any form of body armour.
You are cold-blooded and may be slowed by cold attacks.


Message History

You miscast Magic Dart.
You are very lightly contaminated with residual magic.
Your skin glows momentarily.
The leopard gecko closely misses you.
You now have 3/4 mp.
Aim: a leopard gecko The magic dart hits the leopard gecko.
The leopard gecko bites you.
You take 1 damage, and have 8/16 hp.
You now have 2/4 mp.
Aim: a leopard gecko (moderately wounded)
The magic dart hits the leopard gecko.
You kill the leopard gecko!
You have reached level 2!
You regained 4 hp, and now have 12/23 hp.
You now have 1/6 mp.
You see here a leopard gecko corpse.
You butcher the leopard gecko corpse.
g - 2 chunks of flesh {@w0} You see here a leopard gecko skeleton.
You start resting.
Your magical contamination has completely faded away.
You regained 2 mp, and now have 3/6 mp.
Things that are here:
a club; 3 stones; a kobold corpse
h - a blue potion
i - a viscous coppery potion
j - a scroll labeled DEIDYU UWUC You see here 15 bolts.
A giant cockroach comes into view.
You regained 2 hp, and now have 17/23 hp.
MP restored: 6 You see here 7 gold pieces.
You hit the giant cockroach but do no damage.
The giant cockroach bites you.
You take 2 damage, and have 15/23 hp.
You hit the giant cockroach but do no damage.
The giant cockroach barely misses you.
You closely miss the giant cockroach. You tail-slap the giant cockroach.
The giant cockroach closely misses you. The giant cockroach barely misses you.
You barely miss the giant cockroach. The giant cockroach bites you.
You take 2 damage, and have 13/23 hp.
You are too injured to fight recklessly!
You are too injured to fight recklessly!
You are too injured to fight recklessly!
You are too injured to fight recklessly!
You are too injured to fight recklessly!
You are too injured to fight recklessly!
You are too injured to fight recklessly!
You are too injured to fight recklessly!
You are too injured to fight recklessly!
A giant cockroach is nearby!
You completely miss the giant cockroach.
The giant cockroach closely misses you.
You hit the giant cockroach but do no damage.
The giant cockroach bites you. The giant cockroach closely misses you.
You take 1 damage, and have 12/23 hp.
You hit the giant cockroach.
The giant cockroach bites you but does no damage.
You hit the giant cockroach but do no damage.
Your tail-slap misses the giant cockroach.
The giant cockroach bites you.
You take 1 damage, and have 11/23 hp.
You completely miss the giant cockroach.
The giant cockroach bites you but does no damage. x2
You closely miss the giant cockroach.
The giant cockroach bites you but does no damage.
You hit the giant cockroach but do no damage.
The giant cockroach barely misses you.
You closely miss the giant cockroach.
The giant cockroach completely misses you.
You hit the giant cockroach but do no damage.
The giant cockroach completely misses you.
The giant cockroach barely misses you.
You hit the giant cockroach but do no damage.
Your tail-slap misses the giant cockroach.
The giant cockroach misses you.
You hit the giant cockroach but do no damage.
The giant cockroach bites you but does no damage.
You hit the giant cockroach but do no damage.
The giant cockroach bites you but does no damage. x2
You barely miss the giant cockroach. The giant cockroach closely misses you.
You hit the giant cockroach but do no damage.
The giant cockroach bites you but does no damage.
You hit the giant cockroach. The giant cockroach misses you.
The giant cockroach bites you.
You take 1 damage, and have 11/23 hp.
You closely miss the giant cockroach.
Your tail-slap misses the giant cockroach.
The giant cockroach bites you but does no damage.
You hit the giant cockroach but do no damage.
Your tail-slap misses the giant cockroach.
The giant cockroach completely misses you.
You completely miss the giant cockroach.
You kill the giant cockroach!
You now have 7 gold pieces.
A bat comes into view.
A bat is nearby!
Unknown command.
You are too injured to fight recklessly!
You are too injured to fight recklessly!
You are too injured to fight recklessly!
Okay, then.

#. ..# . .....#.#
#.#..#. .....b........
....#.#.. ...
...#.#.##...
######..#.#..#..
#.......#.@..#.##
#(......###..#.##. .
#.......###....##.#+##.
#..........(#..#.......
#.....[.#####..#......##
#........# #..#.......#
########.# ##.#.......#
.# ##..#.#....# .#
#..........####


You could see a bat (sleeping).

Vanquished Creatures
  A leopard gecko (D:1)
  A giant cockroach (D:1)
  A goblin (D:1)
  A hobgoblin (D:1)
  2 kobolds (D:1)
  2 bats (D:1)
8 creatures vanquished.

Notes
Turn   | Place    | Note
-------+----------+-------------------------------------------
     0 | D:1      | mhoghedin the Draconian Wizard began the quest for the Orb.
     0 | D:1      | Reached XP level 1. HP: 14/14 MP: 4/4
   192 | D:1      | Reached skill level 1 in Fighting
   217 | D:1      | Reached XP level 2. HP: 12/23 MP: 1/6
   314 | D:1      | Quit the game

Vault maps used:
D:1:      ncdulo_wetmaze

Skill      XL: |  1 |
---------------+----+-----
Fighting       | 1 |  1.3
Dodging        | |  1.7
Stealth        | |  1.7
Spellcasting   | |  3.2
Conjurations   | |  1.0
Summonings     | |  1.0
Translocations | |  1.0

Action                   || total
-------------------------++-------
Melee: Short sword       ||    31
       Unarmed           ||     7
       Tailslap          ||     5
 Cast: Magic Dart        ||     8
Armor: Skin              ||    12
Dodge: Dodged            ||    22

Table legend:
 A = Spawn XP
 B = Non-spawn XP
 C = Spawn XP percentage of total XP
 D = Spawn monster count
 E = Non-spawn monster count
 F = Spawn count percentage of total count
 G = Total turns spent on level
                    A         B        C        D         E        F      G
               +---------+---------+-------+---------+---------+-------+---------
         Total |       0 |      16 |   0.0 |       0 |       8 |   0.0 |   314
               +---------+---------+-------+---------+---------+-------+---------
           D:1 |       0 |      16 |   0.0 |       0 |       8 |   0.0 |   314
               +---------+---------+-------+---------+---------+-------+---------

Vault maps used:
D:1:      ncdulo_wetmaze

Table legend:
 A = Turns spent in this place as a percentage of turns spent in the entire game.
 B = Non-inter-level travel turns spent in this place as a percentage of non-inter-level travel turns spent in the entire game.
 C = Inter-level travel turns spent in this place as a percentage of turns spent in this place.
 D = Turns resting spent in this place as a percentage of non-inter-level travel turns spent in this place.
 E = Turns spent auto-exploring this place as a percentage of non-inter-level travel turns spent in this place.
 F = Non-inter-level travel turns spent in this place divided by the number of levels of this place that you've seen.
                   A       B       C       D       E      F
               +-------+-------+-------+-------+-------+----------------------
         Total | 100.0 | 100.0 |   0.0 |  41.4 |  25.2 | 314.0
       Dungeon | 100.0 | 100.0 |   0.0 |  41.4 |  25.2 | 314.0
               +-------+-------+-------+-------+-------+----------------------

Table legend:
 A = Kills in this place as a percentage of kills in entire the game.
 B = Kills by you in this place as a percentage of kills by you in the entire game.
 C = Kills by friends in this place as a percentage of kills by friends in the entire game.
 D = Other kills in this place as a percentage of other kills in the entire game.
 E = Experience gained in this place as a percentage of experience gained in the entire game.
 F = Experience gained in this place divided by the number of levels of this place that you have seen.
                   A       B       C       D       E      F
               +-------+-------+-------+-------+-------+----------------------
         Total | 100.0 | 100.0 |   N/A |   N/A | 100.0 |  16.0
       Dungeon | 100.0 | 100.0 |   N/A |   N/A | 100.0 |  16.0
               +-------+-------+-------+-------+-------+----------------------
